 Dungeon Crawl Stone Soup version 0.23.2-40-g277498a001 (webtiles) character file.

Game seed: 2128967544019509492

71897 Amplified the Fighter (level 14, -8/118 HPs)
             Began as a Mummy Artificer on Aug 24, 2019.
             Was an Initiate of Gozag.
             Mangled by a white ugly thing (16 damage)
             ... on level 15 of the Dungeon.
             The game lasted 01:19:06 (32180 turns).

Amplified the Fighter (Mummy Artificer)            Turns: 32180, Time: 01:19:07

Health: -8/118     AC: 15    Str: 16    XL:     14   Next: 99%
Magic:  24/31      EV: 16    Int: 13    God:    Gozag
Gold:   668        SH:  0    Dex: 14    Spells: 35/39 levels left

rFire    . . .     SeeInvis +   j - +5 dagger (elec)
rCold    + . .     Gourm    .   (no shield)
rNeg     + + +     Faith    .   l - +2 leather armour {MR+}
rPois    ∞         Spirit   .   m - +2 helmet
rElec    .         Reflect  .   i - +0 cloak
rCorr    .         Harm     .   p - +2 pair of gloves
MR       +++++     Clarity  +   u - +0 pair of boots
Stlth    ++++......             f - amulet of the Four Winds {rN+ MR+++ Clar}
HPRegen  0.29/turn              g - ring of see invisible
MPRegen  0.22/turn              x - ring of protection from fire

@: no status effects
A: no food or potions, fire vulnerability, cold resistance 1, negative energy
resistance 3, torment resistance, unbreathing, in touch with death 1
a: Potion Petition, Call Merchant, Bribe Branch, Renounce Religion


You were on level 15 of the Dungeon.
You worshipped Gozag.
Gozag was pleased with you.
You were not hungry.

You visited 4 branches of the dungeon, and saw 24 of its levels.

You collected 7395 gold pieces.
You spent 3905 gold pieces at shops.
You paid 2822 gold pieces to Gozag.

Inventory:

Hand Weapons
 j - a +5 dagger of electrocution (weapon)
 w - the +2 rapier "Harghaef" {pain, +Fly rElec rPois Dex+2}
   (You found it on level 1 of the Lair of Beasts)

   In the hands of one skilled in necromantic magic, it inflicts extra damage on
   living creatures.
   It affects your dexterity (+2).
   It insulates you from electricity.
   It protects you from poison.
   It lets you fly.
Missiles
 h - 2 curare-tipped needles
 z - 41 poisoned needles
Armour
 i - a +0 cloak (worn)
 l - a +2 leather armour of magic resistance (worn)
 m - a +2 helmet (worn)
 p - a +2 pair of gloves (worn)
 u - a +0 pair of boots (worn)
 A - the +3 leather armour "Kuoro" {*Contam rF++ rN+ MR-}
   (You bought it in a shop on level 8 of the Dungeon)

   It greatly protects you from fire.
   It protects you from negative energy.
   It affects your resistance to hostile enchantments.
   It causes magical contamination when unequipped.
Jewellery
 f - the amulet of the Four Winds (around neck) {rN+ MR+++ Clar}
   (You bought it in a shop on level 11 of the Dungeon)

   [amulet of nothing]

   It protects you from negative energy.
   It affects your resistance to hostile enchantments.
   It protects you against confusion.
 g - a ring of see invisible (left hand)
 v - a cursed -3 ring of strength
 x - a ring of protection from fire (right hand)
 B - an uncursed ring of wizardry
 E - an uncursed ring of stealth
Wands
 a - a wand of iceblast (6)
 c - a wand of flame (20)
 e - a wand of random effects (4)
 s - a wand of polymorph (10)
 y - a wand of disintegration (42)
Scrolls
 d - a scroll of identify
 k - 3 scrolls of remove curse
 n - a scroll of fog
 q - 2 scrolls of amnesia
 t - 2 scrolls of brand weapon
 D - 3 scrolls of enchant weapon


   Skills:
 + Level 13.2 Fighting
 - Level 10.4 Short Blades
 - Level 6.8 Armour
 * Level 7.7 Dodging
 - Level 8.3 Stealth
 * Level 13.2 Spellcasting
 - Level 5.2 Hexes
 - Level 2.0 Translocations
 - Level 3.5 Evocations


You had 35 spell levels left.
You knew the following spells:

 Your Spells              Type           Power        Failure   Level  Hunger
a - Confusing Touch       Hex            ###...       1%          1    N/A
b - Apportation           Tloc           ##....       4%          1    N/A
c - Blink                 Tloc           N/A          6%          2    N/A

Your spell library contained the following spells:

 Spells                   Type           Power        Failure   Level  Hunger
 Corona                   Hex            ###....      1%          1    N/A
 Slow                     Hex            ###.....     1%          2    N/A
 Confuse                  Hex            ###.....     3%          3    N/A
 Tukima's Dance           Hex            ###.....     3%          3    N/A
 Ensorcelled Hibernation  Hex/Ice        ###...       4%          2    N/A
 Animate Skeleton         Necr           N/A          10%         1    N/A
 Magic Dart               Conj           #...         10%         1    N/A
 Pain                     Necr           ##..         10%         1    N/A
 Summon Small Mammal      Summ           #...         10%         1    N/A
 Dazzling Spray           Conj/Hex       ###...       10%         3    N/A
 Gell's Gravitas          Tloc           ##........   13%         3    N/A
 Call Imp                 Summ           #.......     14%         2    N/A
 Conjure Flame            Conj/Fire      #.......     28%         3    N/A
 Mephitic Cloud           Conj/Pois/Air  #.......     28%         3    N/A
 Vampiric Draining        Necr           ##........   28%         3    N/A
 Metabolic Englaciation   Hex/Ice        ###.......   65%         5    N/A
 Yara's Violent Unravell  Hex/Tmut       ###.......   65%         5    N/A
 Animate Dead             Necr           N/A          67%         4    N/A
 Petrify                  Tmut/Erth      #.......     67%         4    N/A
 Regeneration             Chrm/Necr      Unusable     N/A         3    N/A

Dungeon Overview and Level Annotations

Branches:
Dungeon (15/15)            Temple (0/1) D:6            Lair (6/6) D:8
 Shoals (0/4) Lair:3       Spider (0/4) Lair:2          Orc (2/2) D:9
    Elf (1/3) Orc:2        Vaults (0/5) D:14
  Slime: Lair:5-6    Depths: D:15

Altars:
Ashenzari
Dithmenos
Fedhas
Gozag
Hepliaklqana
Kikubaaqudgha
Ru

Shops:
D:8 ([   D:11 *   Orc:2 (??}[

Portals:
Pandemonium: Orc:2
Trove: D:12 (give 5 scrolls of blinking)

Annotations:
D:4 2 transporters
D:8 2 transporters
D:13 1 runed translucent door, Kenran's ghost, journeyman MiMo
Lair:3 exclusion: oklob plant
Lair:4 exclusion: 2 oklob plants, Kirke


Innate Abilities, Weirdness & Mutations

You do not eat or drink.
Your flesh is vulnerable to fire.
You are immune to poison.
Your flesh is cold resistant. (rC+)
You are immune to negative energy. (rN+++)
You are immune to unholy pain and torment.
You can survive without breathing.
You are in touch with the powers of death.


Message History

The brown ugly thing gurgles horribly!
The brown ugly thing basks in the mutagenic energy from its kin and changes!
The wraith misses you.
Casting: Blink (safe; 6% risk of failure)
Confirm with . or Enter, or press ? or * to list all spells.
You blink.
The white ugly thing closely misses you.
The red ugly thing kicks you.
You are engulfed in flames!
* * * LOW HITPOINT WARNING * * *
Casting: Blink (safe; 6% risk of failure)
Confirm with . or Enter, or press ? or * to list all spells.
You blink.
The brown ugly thing gores you!
* * * LOW HITPOINT WARNING * * *
You are splashed with acid.
* * * LOW HITPOINT WARNING * * *
The white ugly thing engulfs you.
* * * LOW HITPOINT WARNING * * *
The white ugly thing freezes you! You resist.
You die...
Your body crumbles into a pile of gold.

##########
§.uuC....##############
###.........W.uu@uuW..#
# #.####Y############.#
# #.# #.# #.# # #.##
#.# #§# #
#uu###.###../.....(.# #
##W........########.#
#.....##.###.# ...
#...u...... #..
........ #.. #<.#


You could see 4 ugly things and 2 wraiths.

Vanquished Creatures
  Rupert (Lair:4)
  Aizul (Elf:1)
  Josephine (D:15)
  5 hydras
  Harold (Lair:1)
  A vault guard (D:12)
  2 centaur warriors
  4 two-headed ogres
  5 orc high priests (Orc:2)
  A sun demon (Orc:2)
  2 torturous demonspawn (Orc:2)
  An unseen horror (D:14)
  A deep elf archer (Elf:1)
  7 orc knights
  Pikel (D:4)
  3 deep elf magi
  6 ugly things
  4 manticores
  6 orc sorcerers
  2 cyclopes
  A black mamba (Lair:5)
  9 spiny frogs
  3 rime drakes (Lair:5)
  An efreet (D:13)
  6 komodo dragons
  2 torpor snails
  An ice devil (Orc:2)
  A hellwing (Orc:2)
  8 trolls
  A red devil (Orc:2)
  2 polar bears
  A hornet (Lair:2)
  11 blink frogs
  6 slime creatures (D:12)
  17 hippogriffs
  A ynoxinul (Orc:2)
  5 wraiths
  A centaur simulacrum (D:14)
  An air elemental (Elf:1)
  14 wyverns
  36 yaks
  A vampire (D:13)
  5 hogs
  10 basilisks
  Eustachio (D:4)
  A hungry ghost (D:12)
  A neqoxec (Orc:2)
  6 wargs
  Edmund (D:6)
  An acid dragon (D:15)
  10 porcupines
  6 water moccasins
  7 ice beasts
  30 orc warriors
  An ice beast (shapeshifter) (Orc:2)
  9 phantoms
  3 sky beasts
  3 black bears
  14 ogres
  2 slaves (D:4)
  7 necrophages
  5 wolves
  13 crocodiles
  5 centaurs
  2 big kobolds (D:10)
  17 bullfrogs
  7 scorpions
  23 killer bees
  8 wights
  4 howler monkeys
  3 bullfrog zombies
  6 crimson imps
  3 hounds
  3 centaur skeletons
  32 orc priests
  A jelly (D:7)
  2 bullfrog skeletons
  20 orc wizards
  6 iguanas
  10 worker ants
  2 worker ant zombies
  3 gnolls (D:7)
  11 adders
  5 shadow imps
  3 oozes
  An adder skeleton (D:9)
  6 worms
  4 dart slugs
  9 leopard geckos
  80 orcs
  10 giant cockroaches
  9 goblins
  8 hobgoblins
  18 jackals
  6 quokkas
  4 ball pythons
  5 bats
  9 frilled lizards
  A jackal zombie (D:5)
  16 kobolds
  2 leopard gecko skeletons
  3 quokka zombies
  10 rats
  A bush (D:10)
  2 fungi
  A plant (D:10)
701 creatures vanquished.

Vanquished Creatures (collateral kills)
  A spiny frog (Lair:1)
  A blink frog (Lair:1)
  A yak (D:10)
  2 bullfrogs (Lair:1)
  A killer bee (D:11)
  A jackal (D:2)
  A goblin (D:3)
8 creatures vanquished.

Vanquished Creatures (others)
  A hippogriff (Lair:1)
  2 yaks
  A killer bee (D:13)
  A hound zombie (D:6)
  A bush (Lair:3)
  32 fungi
  16 plants
  3 withered plants (D:15)
57 creatures vanquished.

Grand Total: 766 creatures vanquished

Notes
Turn   | Place    | Note
-------+----------+-------------------------------------------
     0 | D:1      | Amplified the Mummy Artificer began the quest for the Orb.
     0 | D:1      | Reached XP level 1. HP: 15/15 MP: 2/2
   157 | D:1      | Reached XP level 2. HP: 21/21 MP: 4/4
   669 | D:1      | Reached XP level 3. HP: 22/26 MP: 5/5
  1364 | D:2      | Found a shadowy altar of Dithmenos.
  1617 | D:2      | Reached skill level 1 in Short Blades
  1617 | D:2      | Reached skill level 1 in Stealth
  1775 | D:2      | Reached XP level 4. HP: 32/32 MP: 6/6
  2036 | D:2      | Noticed a phantom
  2465 | D:3      | Learned a level 1 spell: Confusing Touch
  2710 | D:3      | Reached XP level 5. HP: 34/38 MP: 7/7
  2797 | D:3      | Found a faded altar of an unknown god.
  2797 | D:3      | Found an ancient bone altar of Kikubaaqudgha.
  2802 | D:3      | Found a blossoming altar of Fedhas.
  2804 | D:3      | Found a faded altar of an unknown god.
  2806 | D:3      | Found an opulent altar of Gozag.
  2809 | D:3      | Became a worshipper of Gozag Ym Sagoz the Greedy
  3276 | D:2      | Killed a phantom
  3276 | D:2      | Reached skill level 1 in Hexes
  3502 | D:4      | Noticed Eustachio
  3567 | D:4      | Found a transporter.
  3610 | D:3      | Reached XP level 6. HP: 32/44 MP: 8/8
  4040 | D:5      | Entered Level 5 of the Dungeon
  4075 | D:5      | Reached XP level 7. HP: 47/51 MP: 9/9
  4197 | D:4      | Killed Eustachio
  4312 | D:4      | Found a shattered altar of Ashenzari.
  4312 | D:4      | Found a hazy altar of Hepliaklqana.
  4604 | D:5      | Reached skill level 5 in Short Blades
  4623 | D:5      | Reached XP level 8. HP: 46/58 MP: 7/10
  5446 | D:6      | Reached skill level 5 in Stealth
  5511 | D:6      | Noticed Edmund
  5526 | D:6      | Killed Edmund
  5698 | D:6      | Found a staircase to the Ecumenical Temple.
  5775 | D:6      | Noticed a troll
  6051 | D:4      | Reached XP level 9. HP: 65/65 MP: 9/11
  6123 | D:4      | Found a transporter.
  6170 | D:4      | Noticed Pikel
  6194 | D:4      | Killed Pikel
  6513 | D:6      | You fall through a shaft!
  6779 | D:7      | Found a sacrificial altar of Ru.
  7651 | D:8      | Found Opsuul's Weapon Shoppe.
  7740 | D:8      | Bought a distressingly furry leather armour for 189 gold
                  | pieces
  7740 | D:8      | Bought a translucent ring mail for 243 gold pieces
  7740 | D:8      | Identified the +3 leather armour "Kuoro" {*Contam rF++ rN+
                  | MR-} (You bought it in a shop on level 8 of the Dungeon)
  7741 | D:8      | Identified the cursed +1 ring mail of Fasip {MR+} (You
                  | bought it in a shop on level 8 of the Dungeon)
  7756 | D:8      | Found a shattered altar of Ashenzari.
  7762 | D:8      | Found a staircase to the Lair.
  7979 | D:8      | Found a transporter.
  8114 | D:8      | Found a transporter.
  8454 | D:9      | Reached skill level 5 in Hexes
  8486 | D:9      | Reached XP level 10. HP: 73/73 MP: 12/12
  8798 | D:9      | Found a staircase to the Orcish Mines.
  9640 | D:10     | Entered Level 10 of the Dungeon
 10044 | D:10     | Reached skill level 5 in Fighting
 10044 | D:10     | Reached skill level 1 in Armour
 10219 | D:10     | Found a blossoming altar of Fedhas.
 11362 | D:11     | Noticed a manticore
 11401 | D:11     | Noticed a two-headed ogre
 11410 | D:11     | Killed a two-headed ogre
 11425 | D:11     | Noticed a green ugly thing
 11491 | D:12     | Noticed a vault guard
 11524 | D:12     | Killed a vault guard
 11524 | D:12     | Reached XP level 11. HP: 67/82 MP: 11/13
 11551 | D:12     | Found a portal to a secret trove of treasure.
 11759 | D:11     | Noticed a two-headed ogre
 11771 | D:11     | Killed a two-headed ogre
 11771 | D:11     | Reached skill level 5 in Armour
 11846 | D:11     | Noticed a white ugly thing
 11864 | D:11     | Killed a white ugly thing
 12758 | Lair:1   | Entered Level 1 of the Lair of Beasts
 12909 | Lair:1   | Learned a level 1 spell: Apportation
 12921 | Lair:1   | You fall through a shaft!
 13237 | Lair:1   | Got a bloodstained rapier
 13238 | Lair:1   | Identified the +2 rapier "Harghaef" {pain, +Fly rElec rPois
                  | Dex+2} (You found it on level 1 of the Lair of Beasts)
 13451 | Lair:1   | Noticed Harold
 13500 | Lair:1   | Killed Harold
 13791 | Lair:1   | Noticed a six-headed hydra
 13807 | Lair:1   | Killed a six-headed hydra
 14045 | Lair:2   | Reached XP level 12. HP: 87/96 MP: 12/14
 14231 | Lair:2   | Found a hole to the Spider Nest.
 14606 | Lair:3   | Reached skill level 10 in Fighting
 15801 | Orc:1    | Entered Level 1 of the Orcish Mines
 16895 | D:11     | Noticed a centaur warrior
 16935 | D:11     | Killed a centaur warrior
 16935 | D:11     | Reached skill level 5 in Dodging
 17807 | D:11     | Bought a scroll labeled DIOLONK VARYL for 28 gold pieces
 17807 | D:11     | Bought the amulet of the Four Winds {rN+ MR+++ Clar} for
                  | 1229 gold pieces
 17807 | D:11     | Found the amulet of the Four Winds {rN+ MR+++ Clar}
 17807 | D:11     | Bought a gilded ring for 140 gold pieces
 18302 | Lair:3   | Found a staircase to the Shoals.
 19797 | Lair:4   | Gained mutation: You are in touch with the powers of death.
                  | [Mummy growth]
 19797 | Lair:4   | Reached XP level 13. HP: 76/108 MP: 13/15
 19862 | Lair:4   | Noticed Rupert
 20856 | Lair:5   | Identified a scroll of acquirement
 20907 | Lair:6   | Entered Level 6 of the Lair of Beasts
 21327 | Lair:5   | Reached skill level 10 in Short Blades
 21981 | Lair:5   | Reached skill level 1 in Spellcasting
 22116 | Lair:5   | Learned a level 2 spell: Blink
 22806 | Lair:4   | Killed Rupert
 22821 | Lair:4   | Noticed Kirke
 22855 | Lair:4   | Reached skill level 5 in Spellcasting
 23132 | Lair:4   | Found a shadowy altar of Dithmenos.
 23322 | Lair:4   | Noticed a sphinx
 23505 | Orc:1    | Reached skill level 1 in Translocations
 23930 | Orc:2    | Entered Level 2 of the Orcish Mines
 23930 | Orc:2    | Found a staircase to the Elven Halls.
 25888 | Orc:2    | Reached XP level 14. HP: 76/116 MP: 25/25
 26058 | Orc:2    | Found Ischo Tio's Magic Scroll Shoppe.
 26129 | Orc:2    | Found Konwia's Magic Scroll Emporium.
 26845 | Orc:2    | Bought 3 scrolls of teleportation for 117 gold pieces
 26845 | Orc:2    | Bought a scroll of fog for 26 gold pieces
 26847 | Orc:2    | Bought a scroll of teleportation for 51 gold pieces
 26847 | Orc:2    | Bought a scroll of teleportation for 51 gold pieces
 26847 | Orc:2    | Bought a scroll of fear for 59 gold pieces
 26847 | Orc:2    | Bought a scroll of teleportation for 51 gold pieces
 28096 | Orc:2    | Reached skill level 10 in Spellcasting
 28676 | Orc:2    | Found a one-way gate leading to the halls of Pandemonium.
 28676 | Orc:2    | Found Yzapif's Antique Armour Boutique.
 28676 | Orc:2    | Found Cosedoc's Gadget Shop.
 28710 | Orc:2    | Bought a bronze ring mail for 297 gold pieces
 28710 | Orc:2    | Bought a dazzling plate armour for 924 gold pieces
 28712 | Orc:2    | Bought a wand of digging (4) for 176 gold pieces
 28712 | Orc:2    | Identified the +2 ring mail of Uskayaw {rC- Str+5 Dex+5}
                  | (You bought it in a shop on level 2 of the Orcish Mines)
 28713 | Orc:2    | Identified the +7 plate armour of Pahuojat {-Tele Str+8}
                  | (You bought it in a shop on level 2 of the Orcish Mines)
 28944 | Orc:2    | Bought a brightly glowing rapier for 324 gold pieces
 28944 | Orc:2    | Identified the +1 rapier "Coyteama" {pierce, +Fly Stlth+}
                  | (You bought it in a shop on level 2 of the Orcish Mines)
 28994 | Elf:1    | Entered Level 1 of the Elven Halls
 28994 | Elf:1    | Noticed Aizul
 29009 | Elf:1    | Killed Aizul
 30713 | D:13     | Found Zaoriuv's Antique Armour Shoppe.
 31253 | D:13     | Found a runed translucent door.
 31253 | D:13     | Noticed Kenran's ghost (journeyman MiMo)
 31440 | D:14     | Found a gate to the Vaults.
 31860 | D:15     | Entered Level 15 of the Dungeon
 32089 | D:15     | Noticed Josephine
 32102 | D:15     | Killed Josephine
 32180 | D:15     | Mangled by a white ugly thing

Skill      XL: |  1  2  3  4  5  6  7  8  9 10 11 12 13 14 |
---------------+-------------------------------------------+-----
Evocations     | 3 |  3.5
Short Blades   | 1 2 3 4 5 6 7 8 10 | 10.4
Stealth        | 1 2 3 5 7 8 |  8.3
Fighting       | 2 3 4 6 9 12 13 | 13.2
Hexes          | 1 2 3 5 |  5.2
Armour         | 4 6 |  6.8
Dodging        | 3 6 7 |  7.7
Spellcasting   | 7 13 | 13.2
Translocations | 1 2 |  2.0

Action                   |  1- 3 |  4- 6 |  7- 9 | 10-12 | 13-15 || total
-------------------------+-------+-------+-------+-------+-------++-------
Melee: Short sword       |   106 |       |       |       |       ||   106
       Dagger            |    15 |   209 |   453 |  1136 |  1459 ||  3272
Throw: Stone             |       |     1 |       |       |       ||     1
       Throwing net      |       |       |       |     6 |       ||     6
 Cast: Confusing Touch   |       |     2 |    43 |   137 |   232 ||   414
       Blink             |       |       |       |       |    12 ||    12
Invok: Call Merchant     |       |       |     1 |     1 |     1 ||     3
       Potion Petition   |       |       |       |       |     3 ||     3
Evoke: Wand              |    14 |     8 |    12 |    16 |    42 ||    92
  Use: Scroll            |     6 |     5 |     7 |    16 |    23 ||    57
 Stab: Sleeping          |       |     2 |    12 |    19 |    14 ||    47
       Distracted        |       |     1 |       |     5 |     2 ||     8
       Paralysed         |       |       |     2 |       |     8 ||    10
       Confused          |       |       |    23 |    84 |   158 ||   265
       Held in net/web   |       |       |       |     4 |       ||     4
Armor: Leather armour    |    33 |    57 |   111 |   256 |   337 ||   794
Dodge: Dodged            |    61 |   118 |   172 |   390 |   494 ||  1235
